[Event "*** SCC Grand Prix: Titled Tuesday Blitz"]
[Site "Chess.com"]
[Date "2020.08.25"]
[Round "10"]
[White "Mbneu"]
[Black "Chessbard1972"]
[Result "1-0"]
[WhiteElo "2258"]
[BlackElo "2387"]
[TimeControl "180+1"]
[EndTime "11:59:46 PDT"]
[Termination "Mbneu won by resignation"]

1. d4 Nf6 2. c4 g6 3. Nc3 Bg7 4. e4 d6 5. f4 O-O 6. Nf3 c5 7. d5 Bg4 8. Be2 e6 9. dxe6 Bxe6 10. O-O a6 11. Ng5 Bc8 12. f5 Nc6 13. fxg6 hxg6 14. Qe1 Nh7 15. Qh4 Nxg5 16. Bxg5 f6 17. Be3 Be6 18. Nd5 Nd4 19. Bg4 f5 20. Bg5 Qd7 21. Ne7+ Kf7 22. Nxg6 Rh8 23. Bh5 Kg8 24.
Nxh8 Bxh8 25. Bg6 Rf8 26. Be7 Rf7 27. Bxf7+ Bxf7 28. Qg5+ Bg7 29. Bf6 Bxc4 30. Bxd4 Bxf1 31. Qxg7+ Qxg7 32. Bxg7 Bd3 33. Bc3 fxe4 34. Kf2 d5 35.
Ke3 b5 36. a3 d4+ 37. Bxd4 cxd4+ 38. Kxd4 Kf7 39. Rd1 Bc2 40. Re1 Kf6 41. Rxe4 Kf5 42. Re3 Kf4 43. Rf3+ Kg4 44. Rc3 Bh7 45. Kc5 Be4 46. Kb6 Kf4 47. g3+ Ke5 48. Kxa6 b4 49. axb4 Kd4 50. b5 1-0

[Event "*** SCC Grand Prix: Titled Tuesday Blitz"]
[Site "Chess.com"]
[Date "2020.08.25"]
[Round "10"]
[White "Chamal_Gedgafov"]
[Black "MVM2008"]
[Result "0-1"]
[WhiteElo "2118"]
[BlackElo "2234"]
[TimeControl "180+1"]
[EndTime "11:59:46 PDT"]
[Termination "MVM2008 won by checkmate"]

1. d4 Nf6 2. c4 b6 3. Nc3 Bb7 4. f3 d5 5. cxd5 Nxd5 6. e4 Nxc3 7.
bxc3 e6 8. Be3 c5 9. Bb5+ Nd7 10. Ne2 a6 11. Bd3 cxd4 12. cxd4 Bb4+ 13. Kf2 O-O 14. Qb3 Be7 15. a4 e5 16. Rhd1 exd4 17. Nxd4 Nc5 18. Qb1 Nxd3+ 19. Qxd3 Bc5 20. Nf5 Qxd3 21. Rxd3 Bxe3+ 22. Kxe3 g6 23. Ne7+ Kg7 24. Rb1 b5 25. axb5 axb5 26. Rdb3 Rfe8 27. Rxb5 Ra3+ 28. Kf4 Ba6 29.
Re5 Kf8 30. Nd5 Rxe5 31. Kxe5 Kg7 32. h4 Ra2 33. g4 h6 34. Rb3 Re2 35. Ra3 Bc4 36.
Nf4 Rd2 37. h5 f6# 0-1

[Event "*** SCC Grand Prix: Titled Tuesday Blitz"]
[Site "Chess.com"]
[Date "2020.08.25"]
[Round "10"]
[White "Firouzja2003"]
[Black "GOGIEFF"]
[Result "0-1"]
[WhiteElo "2976"]
[BlackElo "2880"]
[TimeControl "180+1"]
[EndTime "11:59:48 PDT"]
[Termination "GOGIEFF won on time"]

1. e4 c5 2. Nf3 Nc6 3. Bb5 e6 4. Bxc6 bxc6 5. d3 Ne7 6. h4 h5 7.
Qe2 d6 8. e5 d5 9. c4 Nf5 10. Nc3 Be7 11. Bg5 f6 12. Bf4 O-O 13. O-O-O Nd4 14. Qd2 a5 15. Na4 Ra7 16. exf6 gxf6 17.
Bh6 Rf7 18. Kb1 dxc4 19. Qc3 cxd3 20. Nxc5 e5 21. Nxd4 exd4 22. Qc4 Qd5 23. Qxd5 cxd5 24. Nxd3 Bf5 25. Ka1 Rc7 26. Nf4 Rc2 27. Nxd5 Bc5 28. Rd2 d3 29. Be3 Bf8 30. Nf4 Bb4 31. Rxc2 dxc2 32. Rc1 Rd7 33. a3 Bd2 34. Bxd2 Rxd2 35. b4 axb4 36. axb4 Rd4 37. Ne2 Rxb4 38. Nc3 Rb3 0-1

[Event "*** SCC Grand Prix: Titled Tuesday Blitz"]
[Site "Chess.com"]
[Date "2020.08.25"]
[Round "10"]
[White "PawnEatingZombie"]
[Black "Panterov"]
[Result "0-1"]
[WhiteElo "2208"]
[BlackElo "2021"]
[TimeControl "180+1"]
[EndTime "11:59:48 PDT"]
[Termination "Panterov won on time"]

1. d4 d5 2. c4 c6 3. Nc3 Nf6 4.
e3 e6 5. Nf3 Be7 6. Qc2 O-O 7.
Bd3 dxc4 8. Bxc4 b5 9. Be2 a6 10. O-O c5 11. dxc5 Bxc5 12. Nxb5 Bxe3 13. Bxe3 axb5 14. Bxb5 Ba6 15. Rfd1 Qa5 16. Bxa6 Nxa6 17. Bd4 Rac8 18. Qe2 Nd5 19. a3 Nac7 20. b4 Qa8 21. Ne5 Nf4 22. Qf3 Ncd5 23. g3 Nh3+ 24. Kf1 Ng5 25.
Qg2 Qa6+ 26. Kg1 Nc3 27. Bxc3 Rxc3 28. Nd7 Rfc8 29. a4 Nf3+ 30. Kh1 Qe2 31. b5 Ra3 32.
Rab1 Rxa4 33. b6 Rb4 34. Qf1 Qe4 35. Rxb4 Qxb4 36. Qg2 Qe4 37. h3 Qe2 38. Qf1 Qe4 39. Qg2 Qb7 0-1

[Event "*** SCC Grand Prix: Titled Tuesday Blitz"]
[Site "Chess.com"]
[Date "2020.08.25"]
[Round "10"]
[White "MYMChessAcademy"]
[Black "Azoulas1"]
[Result "0-1"]
[WhiteElo "2096"]
[BlackElo "1980"]
[TimeControl "180+1"]
[EndTime "11:59:49 PDT"]
[Termination "Azoulas1 won by checkmate"]

1. e4 c5 2. Nf3 e6 3. d4 cxd4 4.
Nxd4 Nf6 5. Nc3 d6 6. Be2 a6 7. Be3 Be7 8. g4 Qc7 9. f3 b5 10. g5 Nfd7 11. h4 Bb7 12. Qd2 Nb6 13. O-O-O N8d7 14. h5 b4 15. Nb1 d5 16. Nb3 dxe4 17. f4 Rc8 18. g6 Nd5 19. Bd4 e3 20. gxf7+ Kxf7 21. Qd3 Nxf4 22. Rdf1 Ke8 23. Qd1 Be4 24. c3 Bxh1 25. Rxh1 Nc5 26. Bxg7 Nxb3+ 27. axb3 Rg8 28. h6 Qc6 29. Bh5+ Nxh5 30. Qxh5+ Kd7 31. Be5 Rcf8 32. Rd1+ Kc8 33. Qe2 Bc5 34. c4 Rf2 35. Qd3 e2 36. Re1 Rf1 37. Kd2 Rxe1 38. Kxe1 Rg1+ 39. Kxe2 Qg2# 0-1

[Event "*** SCC Grand Prix: Titled Tuesday Blitz"]
[Site "Chess.com"]
[Date "2020.08.25"]
[Round "10"]
[White "BanjoKazooieN64"]
[Black "FMalexhdez"]
[Result "0-1"]
[WhiteElo "2336"]
[BlackElo "2172"]
[TimeControl "180+1"]
[EndTime "11:59:49 PDT"]
[Termination "FMalexhdez won by resignation"]

1. e4 c5 2. Nc3 d6 3. f4 Nc6 4. Nf3 e6 5. d4 cxd4 6. Nxd4 Nf6 7. Be3 Be7 8. Qf3 a6 9. O-O-O Qc7 10. g4 b5 11. e5 Nd5 12. Nxd5 exd5 13. Qxd5 Bb7 14. exd6 Bxd6 15. Nf5 Bxf4 16. Qc5 Ne7 17. Qxc7 Bxc7 18. Rg1 Nxf5 19. gxf5 Bxh2 20. Rxg7 Be5 21. Rg1 Rd8 22. Bd3 h5 23. Rge1 Kf8 24. Bc5+ Bd6 25. Bf1 Rh6 26.
Rxd6 Rhxd6 27. Rd1 Ke7 28. f6+ Ke6 29. Bh3+ Ke5 30.
Rxd6 Rxd6 31. Bxd6+ Kxd6 32. Kd2 Ke5 33. Ke3 Kxf6 34.
Kf4 Bd5 35. b3 Be6 36. Bg2 b4 37. Bf1 a5 38. Ke3 h4 39. c3 bxc3 40. Kd3 h3 41. Kxc3 Ke5 42. b4 axb4+ 43. Kxb4 h2 0-1

[Event "*** SCC Grand Prix: Titled Tuesday Blitz"]
[Site "Chess.com"]
[Date "2020.08.25"]
[Round "10"]
[White "Roza_Idrisova"]
[Black "Shushik"]
[Result "0-1"]
[WhiteElo "2189"]
[BlackElo "2257"]
[TimeControl "180+1"]
[EndTime "11:59:50 PDT"]
[Termination "Shushik won by resignation"]

1. d4 d5 2. Nf3 Nf6 3. Bg5 c5 4. c3 Nc6 5. e3 Qb6 6. Qb3 c4 7. Qxb6 axb6 8. a3 Bf5 9. Nbd2 b5 10. Rc1 Nd7 11. h3 h6 12. Bf4 Nb6 13. g4 Bh7 14. Bg2 e6 15. O-O Na4 16. b3 Bxa3 17. bxa4 Bxc1 18.
Rxc1 bxa4 19. Ra1 a3 20. Ra2 Kd7 21. Ne5+ Nxe5 22. Bxe5 f6 23. Bf4 b5 24. e4 Kc6 25.
Nb1 Ra4 26. Rxa3 Rha8 27. Rxa4 bxa4 28. Na3 Ra7 29. exd5+ exd5 30. Kh2 Be4 31. Bxe4 dxe4 32. Kg3 Kd5 33. Bc1 Rb7 34. Kf4 Rb3 35. Kf5 Rxc3 36. Bb2 Rf3+ 37. Kg6 Rxf2 38. Bc3 Rf3 39. Nb5 a3 40. Kxg7 a2 41. Ba1 e3 42. Nc3+ Kxd4 43. Nxa2+ Kc5 44. Bc3 e2 45. Bd2 Rxh3 46. Kxf6 Rd3 47. Bb4+ Kb5 48. Kg6 Rd6+ 49. Kh5 Re6 50. Be1 Ka4 51. Nc3+ Kb3 52. Nxe2 Rxe2 53. Ba5 Re5+ 54. Kxh6 Rxa5 55. g5 c3 56. g6 c2 57. g7 c1=Q+ 58. Kh7 Rh5+ 0-1

[Event "*** SCC Grand Prix: Titled Tuesday Blitz"]
[Site "Chess.com"]
[Date "2020.08.25"]
[Round "10"]
[White "GregShahade"]
[Black "ChessyInstinct"]
[Result "0-1"]
[WhiteElo "2650"]
[BlackElo "2501"]
[TimeControl "180+1"]
[EndTime "11:59:52 PDT"]
[Termination "ChessyInstinct won on time"]

1. e4 d5 2. exd5 Qxd5 3. Nc3 Qd6 4. d4 c6 5. h3 Nf6 6. Nf3 Bf5 7. Bc4 e6 8. O-O Nbd7 9. Qe2 Be7 10. Ne5 Qxd4 11.
Nxd7 Qxd7 12. Rd1 Qc7 13. Bg5 O-O 14. a4 a5 15. Rd2 Rfd8 16. Nd1 Rxd2 17. Bxd2 Bxc2 18.
Ne3 Bg6 19. Qe1 Nd5 20. Rc1 Nb4 21. Qe2 Rd8 22. Bc3 Nd3 23. Rf1 Bb4 24. Ng4 Bxc3 25. bxc3 Qf4 26. Ne3 Qf6 27. Nd1 Ne5 28. Ne3 Nxc4 29.
Qxc4 Bd3 30. Qc5 Bxf1 31. Nxf1 Qf5 32. Qb6 Qf6 33. Ne3 h5 34. Qxa5 Rd2 35. f3 Qf4 0-1

[Event "*** SCC Grand Prix: Titled Tuesday Blitz"]
[Site "Chess.com"]
[Date "2020.08.25"]
[Round "10"]
[White "evgenyermolaev"]
[Black "Mikhail_Golubev"]
[Result "1-0"]
[WhiteElo "2488"]
[BlackElo "2607"]
[TimeControl "180+1"]
[EndTime "11:59:52 PDT"]
[Termination "evgenyermolaev won on time"]

1. d4 Nf6 2. Nc3 g6 3. e4 d6 4. Bg5 Bg7 5. e5 Nfd7 6. f4 h6 7. Bh4 g5 8. fxg5 dxe5 9. dxe5 hxg5 10. Bxg5 Bxe5 11. Nf3 Bg3+ 12. hxg3 Rxh1 13. Nd5 Nc6 14. Qe2 Nb6 15. Nf6+ Kf8 16. Rd1 Nd7 17. Nd5 f6 18. Nf4 Qe8 19. Ne6+ Kg8 20. Nxc7 Qf7 21. Nxa8 fxg5 22. Nxg5 Qg7 23. Qe6+ Kh8 24. Nf7+ Kh7 25.
Qf5+ Kg8 26. Ng5 Nb6 27. Qb5 Nxa8 28. Qc4+ e6 29. Nxe6 Qe5+ 30. Kf2 Qxe6 31. Qf4 Rg1 32. Bc4 1-0

[Event "*** SCC Grand Prix: Titled Tuesday Blitz"]
[Site "Chess.com"]
[Date "2020.08.25"]
[Round "10"]
[White "GustavoJuarezF"]
[Black "larisakalinina"]
[Result "1-0"]
[WhiteElo "2049"]
[BlackElo "1959"]
[TimeControl "180+1"]
[EndTime "11:59:57 PDT"]
[Termination "GustavoJuarezF won on time"]

1. e4 c5 2. Nf3 Nc6 3. d4 cxd4 4. Nxd4 Nf6 5. Nc3 d6 6. Bg5 Bd7 7. Qd2 Rc8 8. O-O-O Nxd4 9. Qxd4 Qa5 10. Bxf6 gxf6 11. Kb1 Rg8 12. f4 f5 13. Bc4 fxe4 14. Qxe4 Bf5 15.
Qd5 Qxd5 16. Bxd5 b6 17. g3 e6 18. Be4 Bg4 19. Rd2 Bg7 20. Nb5 d5 21. Nd6+ Ke7 22. Nxc8+ Rxc8 23. Bg2 Bf5 24. Re1 Kf8 25. h3 h5 26. Bf1 Bf6 27. Be2 Bg6 28. g4 hxg4 29. hxg4 Be4 30. Rf1 Ke7 31. Bf3 Bxf3 32. Rxf3 Rh8 33. c3 Rh1+ 34. Kc2 Kd6 35. g5 Be7 36. c4 Kc5 37. cxd5 exd5 38. Rc3+ Kd6 39. Rcd3 Kc6 40. Rxd5 Bc5 41. R5d3 Rf1 42. Rc3 a5 43. a3 Kb5 44.
Rd5 1-0

[Event "*** SCC Grand Prix: Titled Tuesday Blitz"]
[Site "Chess.com"]
[Date "2020.08.25"]
[Round "10"]
[White "Ausbildung"]
[Black "kleopl"]
[Result "0-1"]
[WhiteElo "2248"]
[BlackElo "2431"]
[TimeControl "180+1"]
[EndTime "12:00:00 PDT"]
[Termination "kleopl won by resignation"]

1. e4 c6 2. d4 d5 3. exd5 cxd5 4.
Bd3 Nc6 5. c3 Nf6 6. Ne2 Bg4 7.
O-O e6 8. f3 Bh5 9. Qe1 Bd6 10.
Qh4 Ne7 11. Bg5 Bg6 12. Bb5+ Nc6 13. Nd2 a6 14. Ba4 h6 15. Bxf6 Qxf6 16. Qxf6 gxf6 17.
Rae1 Bd3 18. Rf2 h5 19. f4 O-O-O 20. Nc1 Bf5 21. Bd1 Rdg8 22. Kh1 h4 23. Be2 Rg7 24.
Bd3 Bxd3 25. Nxd3 f5 26. Rg1 Rhg8 27. Nf3 Rg4 28. h3 Rg3 29. Nde1 Be7 30. Kh2 Bf6 31. Ne5 Nxe5 32. dxe5 Be7 33. Rf3 Kd7 34. Rgf1 R3g6 35. Rd3 Rc8 36. Rf2 Rc4 37. Rd4 b5 38. Nf3 Rg8 39.
Rc2 Rc7 40. Rdd2 Rh8 41. Nd4 Bc5 42. Nf3 Be3 43. Rd3 Bxf4+ 44. Kg1 Bg3 45. b3 Rhc8 46. Kf1 Ke7 47. Ke2 b4 48. Kd2 Bf4+ 49. Ke2 Rxc3 50.
Rdxc3 bxc3 51. Kd3 d4 52. Nxd4 Bxe5 53. Nf3 Bf6 54. Nd4 Rd8 0-1

[Event "*** SCC Grand Prix: Titled Tuesday Blitz"]
[Site "Chess.com"]
[Date "2020.08.25"]
[Round "10"]
[White "rynos0411"]
[Black "Nara_Kh"]
[Result "0-1"]
[WhiteElo "2417"]
[BlackElo "2327"]
[TimeControl "180+1"]
[EndTime "12:00:01 PDT"]
[Termination "Nara_Kh won by resignation"]

1. e4 c5 2. Nf3 d6 3. Bb5+ Nd7 4. c3 a6 5. Bd3 Ngf6 6. O-O e6 7. a4 Be7 8. Bc2 O-O 9. d4 b6 10. Re1 Bb7 11.
Nbd2 Qc7 12. Nf1 Rac8 13. Ne3 Nxe4 14. Qe2 Nef6 15. b3 cxd4 16. cxd4 Nd5 17. Nxd5 Bxd5 18. Ra2 Nf6 19. Ba3 Qc3 20. Rc1 Bxf3 21. gxf3 Qxd4 22. Bb2 Qf4 23. Raa1 Rc5 24. Bd3 Rg5+ 25. Kf1 d5 26. Qc2 Qxh2 27. Ke2 h6 28. Rh1 Qd6 29.
Rag1 Rxg1 30. Rxg1 Nh5 31. Kd1 e5 32. Bxa6 Nf4 33.
Bb5 d4 34. Qe4 Rd8 35. Bc1 Qc5 36. Bxf4 exf4 37. Qxf4 Bg5 38. Qe4 d3 39. f4 Qc2+ 40. Ke1 d2+ 41. Kf1 d1=Q+ 42. Kg2 Qxe4+ 43. Kh2 Qxf4+ 0-1

[Event "*** SCC Grand Prix: Titled Tuesday Blitz"]
[Site "Chess.com"]
[Date "2020.08.25"]
[Round "10"]
[White "BJthechessgod"]
[Black "chesstatour"]
[Result "1-0"]
[WhiteElo "2230"]
[BlackElo "1938"]
[TimeControl "180+1"]
[EndTime "12:00:01 PDT"]
[Termination "BJthechessgod won by checkmate"]

1. e4 c6 2. d4 d5 3. Nc3 dxe4 4. Nxe4 Nf6 5. Nxf6+ gxf6 6. c3 Bf5 7. Bd3 Bxd3 8. Qxd3 e6 9. Ne2 Bd6 10. Bf4 Qc7 11.
Bxd6 Qxd6 12. O-O-O Nd7 13. g3 O-O-O 14. Kb1 f5 15. f4 Nc5 16. Qe3 Ne4 17. Nc1 h5 18. Nd3 f6 19. Nf2 Nxf2 20. Qxf2 h4 21. gxh4 Rd7 22. Rhg1 Rdh7 23. Rde1 Rxh4 24. Rg8+ Kc7 25. Rg7+ Kc8 26. Rg8+ Kc7 27. Qg3 R8h7 28. Rg7+ Kb6 29. Rxh7 Rxh7 30. Qe3 Qd5 31. Qxe6 Qxe6 32. Rxe6 Rxh2 33.
Rxf6 Rh1+ 34. Kc2 Rh2+ 35. Kb3 Rh5 36. Kc4 Kc7 37. Rf7+ Kb6 38. b4 a6 39. a4 a5 40. bxa5+ Ka6 41. Kc5 Rh3 42. c4 Ra3 43. Kb4 Rd3 44. Rxf5 Rxd4 45. Rf8 Rd1 46. Ra8# 1-0

[Event "*** SCC Grand Prix: Titled Tuesday Blitz"]
[Site "Chess.com"]
[Date "2020.08.25"]
[Round "10"]
[White "cukin84"]
[Black "nitpicker"]
[Result "1-0"]
[WhiteElo "2069"]
[BlackElo "2211"]
[TimeControl "180+1"]
[EndTime "12:00:07 PDT"]
[Termination "cukin84 won on time"]

1. e4 d5 2. exd5 Qxd5 3. Nc3 Qd8 4. d4 Nf6 5. Nf3 c6 6. Bf4 Bf5 7. Bc4 e6 8. O-O Bd6 9. Ne5 O-O 10. Re1 Qc7 11. Bg3 Nbd7 12. f4 Nb6 13. Bd3 Rad8 14. Bxf5 exf5 15. Qf3 a6 16. Bh4 Be7 17. Ne2 Ne4 18.
Bxe7 Qxe7 19. c3 c5 20. Rad1 Qe6 21. Kh1 Qxa2 22. dxc5 Nxc5 23. b4 Ne4 24. Nd4 Nf2+ 25. Kg1 Nxd1 26. Rxd1 Qd5 27. Qh3 g6 28. Rf1 Nc4 29.
Qg3 Kh8 30. Nef3 Rfe8 31. Qh4 Kg7 32. Ng5 h6 33. Ngf3 Ne3 34. Rc1 Ng4 35. h3 Qe4 36.
hxg4 Qe3+ 37. Kh2 Qxf4+ 38. Kh3 Qxc1 39. gxf5 Qe3 40. fxg6 fxg6 41. Qg3 Qe7 42. Nf5+ Kh7 43. Nxe7 Rxe7 44. Qh4 Rde8 45. Qd4 Re6 46. Kg3 R8e7 47. c4 Kg8 48. c5 Re4 49. Qd5+ Kg7 50. c6 bxc6 51.
Qxc6 Rxb4 52. Qxa6 1-0

[Event "*** SCC Grand Prix: Titled Tuesday Blitz"]
[Site "Chess.com"]
[Date "2020.08.25"]
[Round "10"]
[White "Haykoooo0o"]
[Black "Sychev_Klementy"]
[Result "1-0"]
[WhiteElo "2542"]
[BlackElo "2738"]
[TimeControl "180+1"]
[EndTime "12:00:08 PDT"]
[Termination "Haykoooo0o won by checkmate"]

1. d4 Nf6 2. Nf3 g6 3. Bf4 Bg7 4. h3 O-O 5. e3 d6 6. Be2 c5 7. c3 Qb6 8. Qb3 Be6 9. Qxb6 axb6 10. a3 Bd5 11. O-O Bc6 12. Nbd2 Nbd7 13. Bh2 Rfd8 14.
Rac1 e5 15. Nc4 e4 16. Nfd2 d5 17. Ne5 Nxe5 18. Bxe5 Nd7 19. Bg3 f5 20. Rfd1 g5 21. f3 Nf8 22. Rf1 Ne6 23. fxe4 fxe4 24. Bg4 Re8 25.
Rf5 h6 26. Rcf1 Rf8 27. Bd6 Rfd8 28. Bg3 cxd4 29. cxd4 Nxd4 30. exd4 Bxd4+ 31. Kh1 Bxb2 32. Rf7 Rf8 33. Be6 Rxf7 34. Rxf7 Kh8 35. Nf1 Rxa3 36.
Bd6 Ra1 37. Kh2 b5 38. Ng3 Bd4 39. Nf5 Bg1+ 40. Kg3 h5 41. Be5+ Kg8 42. Nh6# 1-0

[Event "*** SCC Grand Prix: Titled Tuesday Blitz"]
[Site "Chess.com"]
[Date "2020.08.25"]
[Round "10"]
[White "Fh2411"]
[Black "Falcon28dz"]
[Result "1-0"]
[WhiteElo "2547"]
[BlackElo "2180"]
[TimeControl "180+1"]
[EndTime "12:00:09 PDT"]
[Termination "Fh2411 won on time"]

1. d4 Nf6 2. Nf3 e6 3. Bg5 Be7 4. e3 O-O 5. Nbd2 b6 6. Bd3 Bb7 7. O-O c5 8. c3 d6 9. Qe2 Nbd7 10. Rfd1 h6 11. Bh4 Rc8 12. h3 Re8 13. Bg3 Bf8 14. Bb5 Qc7 15. dxc5 bxc5 16. Nc4 e5 17. Bxd7 Nxd7 18.
e4 Nf6 19. Nfd2 d5 20. exd5 Nxd5 21. Bxe5 Qc6 22. Qg4 Ba8 23. Re1 Re6 24. f3 Rce8 25. Qh4 Nb6 26. Bg3 Re2 27. Rxe2 Rxe2 28. Re1 Rxe1+ 29.
Bxe1 Qa4 30. a3 Bd5 31. b3 Qb5 32. a4 Qc6 33. Ne5 Qe6 34. Bg3 Bxb3 35. Nxb3 Qxb3 36.
Qd8 Qxc3 37. Kh2 Qd4 38. Qb8 Qxa4 39. Qd8 f6 40. Ng6 Nd7 41. Qe8 c4 42. Nxf8 Nxf8 43. Qxa4 1-0

[Event "*** SCC Grand Prix: Titled Tuesday Blitz"]
[Site "Chess.com"]
[Date "2020.08.25"]
[Round "10"]
[White "karinachess1"]
[Black "Gabrielian_Artur"]
[Result "0-1"]
[WhiteElo "2489"]
[BlackElo "2700"]
[TimeControl "180+1"]
[EndTime "12:00:09 PDT"]
[Termination "Gabrielian_Artur won on time"]

1. c4 e5 2. Nc3 Bb4 3. Qc2 Nf6 4.
Nf3 Qe7 5. a3 Bxc3 6. Qxc3 d6 7.
d3 h6 8. e3 O-O 9. Be2 c5 10. O-O a5 11. b3 Nc6 12. Bb2 b6 13.
Rfe1 Bg4 14. h3 Bh5 15. d4 Ne4 16. Qc2 Bg6 17. Bd3 f5 18. dxe5 dxe5 19. Nd2 Nxd2 20.
Qxd2 Rad8 21. Qe2 e4 22. Bc2 Ne5 23. Rad1 Nf7 24. Rxd8 Rxd8 25. Rd1 Qg5 26. Rxd8+ Qxd8 27. Qd1 Qxd1+ 28. Bxd1 Kf8 29. Bc3 Nd6 30. Kf1 Bf7 31. Ke1 g5 32. Kd2 a4 33. bxa4 Nxc4+ 34. Kc1 Ke7 35. Bb3 Nxa3 36. Bxf7 Kxf7 37. a5 bxa5 38.
Bxa5 Nc4 39. Bc7 Ke6 40. Kc2 Ne5 41. Ba5 Kd5 42. Bc3 h5 0-1

[Event "*** SCC Grand Prix: Titled Tuesday Blitz"]
[Site "Chess.com"]
[Date "2020.08.25"]
[Round "10"]
[White "KuzubovYuriy"]
[Black "skiff134"]
[Result "1-0"]
[WhiteElo "2864"]
[BlackElo "2719"]
[TimeControl "180+1"]
[EndTime "12:00:11 PDT"]
[Termination "KuzubovYuriy won on time"]

1. d4 d5 2. c4 e6 3. Nc3 c5 4. e3 Nf6 5. cxd5 exd5 6. Bb5+ Nc6 7. Nf3 a6 8. Bxc6+ bxc6 9. b3 cxd4 10. Nxd4 Bd7 11.
Bb2 Bd6 12. Rc1 Rc8 13. Na4 O-O 14. Ne2 Ne4 15. O-O Re8 16. Ng3 Qg5 17. Nc3 Nf6 18. Nce2 Ng4 19. Qd3 Re6 20. Nf4 Rh6 21. h3 Ne5 22.
Bxe5 Bxe5 23. Qxa6 Re8 24. Rfd1 Bxf4 25. exf4 Qxf4 26.
Qa7 Rd6 27. Qc5 h6 28. Rd4 Qe5 29. Rcd1 Rde6 30. b4 Bc8 31. b5 cxb5 32. Rxd5 Qb2 33. R5d2 Qe5 34. Rd5 Qb2 35. R1d2 Re1+ 36. Kh2 Qa1 37. Qxb5 Rg1 38. Rd8 Kh7 39. Qxe8 Bxh3 40. Qe4+ f5 41. Nxf5 Rh1+ 42. Kg3 Qf6 43. Nh4+ Bf5 44.
Qxf5+ 1-0

[Event "*** SCC Grand Prix: Titled Tuesday Blitz"]
[Site "Chess.com"]
[Date "2020.08.25"]
[Round "10"]
[White "GoldenShare"]
[Black "RobPeresian"]
[Result "0-1"]
[WhiteElo "2484"]
[BlackElo "2392"]
[TimeControl "180+1"]
[EndTime "12:00:11 PDT"]
[Termination "RobPeresian won by resignation"]

1. d4 d5 2. Bf4 c6 3. e3 Qb6 4.
c4 Nf6 5. Qb3 Bf5 6. Nc3 e6 7. c5 Qxb3 8. axb3 a6 9. h3 Nbd7 10.
b4 Rc8 11. Nf3 h6 12. Be2 Be7 13. O-O O-O 14. Na4 Ne4 15. Rfd1 Rfe8 16. Ne5 Nef6 17. f3 Nxe5 18. Bxe5 Nd7 19. Bh2 Bf6 20. g4 Bc2 21. Rd2 Bxa4 22. Rxa4 e5 23. Kf2 exd4 24.
exd4 Nf8 25. Ra3 Ne6 26. Rad3 Bg5 27. Rd1 Bf4 28. Bg1 g5 29. Bf1 Re7 30. Re1 Rce8 31. Re2 Nc7 32. Rxe7 Rxe7 33. Rd1 Be3+ 34. Kg2 Bxg1 35.
Kxg1 Re3 36. Rd3 Rxd3 37. Bxd3 Ne6 38. Bf5 Nxd4 39. Bc8 Nc2 40. Bxb7 Nxb4 41. Kf2 Kf8 42. Ke3 Ke7 43. Kd4 Kd7 44. Kc3 Kc7 45. Ba8 Kb8 46.
Kxb4 Kxa8 47. Kc3 Ka7 48. Kd4 a5 49. Ke5 Ka6 50. f4 gxf4 51. Kxf4 Kb5 52. h4 Kxc5 53. g5 h5 54. Ke5 d4 55. Kf6 d3 56. Kxf7 d2 57.
g6 d1=Q 58. g7 Qf3+ 59. Ke7 Qg4 60. g8=Q Qxg8 0-1

[Event "*** SCC Grand Prix: Titled Tuesday Blitz"]
[Site "Chess.com"]
[Date "2020.08.25"]
[Round "10"]
[White "Blagorod"]
[Black "ClydeHillKid"]
[Result "0-1"]
[WhiteElo "2168"]
[BlackElo "2347"]
[TimeControl "180+1"]
[EndTime "12:00:11 PDT"]
[Termination "ClydeHillKid won on time"]

1. e4 e6 2. d4 d5 3. Nc3 Nf6 4. exd5 exd5 5. Bd3 c6 6. Nge2 Bd6 7. Bf4 O-O 8. O-O Bg4 9. f3 Bh5 10. Qd2 Bg6 11.
Bxg6 hxg6 12. Bxd6 Qxd6 13. Qf4 Qxf4 14. Nxf4 Nbd7 15.
Rae1 Rae8 16. Kf2 g5 17. Nd3 a5 18. Nd1 g6 19. Rxe8 Rxe8 20. Re1 Rxe1 21. Kxe1 Kf8 22.
N1f2 Ke7 23. Ke2 Kd6 24. c3 b6 25. Nh3 g4 26. Ng5 Ke7 27. Nf2 gxf3+ 28. Kxf3 Ne8 29. Kf4 Nd6 30. Nd3 f6 31. Nf3 Nf8 32. h4 Ne6+ 33.
Ke3 Ng7 34. g4 Nc4+ 35. Kf4 Ke6 36. g5 Nh5+ 37. Kg4 Ne3+ 38. Kh3 Nc4 39. gxf6 Kxf6 40. Kg4 Ne3+ 41. Kh3 Kf5 42. Nfe5 c5 43. Nd7 c4 44.
Nf2 b5 45. Nb6 Kf4 46. Kh2 Kf3 47. Nh3 Ng4+ 0-1

[Event "*** SCC Grand Prix: Titled Tuesday Blitz"]
[Site "Chess.com"]
[Date "2020.08.25"]
[Round "10"]
[White "BlackBoarder"]
[Black "mamey78"]
[Result "1/2-1/2"]
[WhiteElo "2537"]
[BlackElo "2438"]
[TimeControl "180+1"]
[EndTime "12:00:12 PDT"]
[Termination "Game drawn by repetition"]

1. e4 e5 2. Nf3 Nc6 3. d4 exd4 4. Bc4 Nf6 5. O-O Nxe4 6. Re1 d5 7. Bxd5 Qxd5 8.
Nc3 Qa5 9. Nxe4 Be6 10. Neg5 O-O-O 11. Nxe6 fxe6 12. Rxe6 Qd5 13. Qe2 h6 14. Bd2 Bc5 15. a3 Rhf8 16. Re1 d3 17. cxd3 Nd4 18. Nxd4 Bxd4 19. Rf1 Bxb2 20. Bb4 Rf7 21. Re8 Bd4 22. Rxd8+ Qxd8 23. Bd2 Qd7 24. Be3 Re7 25. Qd2 b6 26. h3 Kb7 27. Re1 Qd5 28. Bxd4 Rxe1+ 29. Qxe1 Qxd4 30. Qe4+ Qxe4 31. dxe4 b5 32. Kf1 c5 33. Ke2 b4 34. axb4 cxb4 35. Kd3 g5 36. Kc4 a5 37. g3 Kc6 38. e5 Kd7 39. f4 Ke6 40. Kb3 h5 41. fxg5 Kxe5 42. h4 Kf5 43. Ka4 Kg6 44. Kb3 Kf5 45. Ka4 Kg6 46. Kb3 Kf5 1/2-1/2

[Event "*** SCC Grand Prix: Titled Tuesday Blitz"]
[Site "Chess.com"]
[Date "2020.08.25"]
[Round "10"]
[White "Morshynska"]
[Black "FearNoEvil12"]
[Result "0-1"]
[WhiteElo "2166"]
[BlackElo "1990"]
[TimeControl "180+1"]
[EndTime "12:00:13 PDT"]
[Termination "FearNoEvil12 won by checkmate"]

1. e4 a6 2. d4 b5 3. Nf3 Bb7 4. Bd3 e6 5. O-O Nf6 6. Qe2 d6 7. a4 b4 8. a5 Nbd7 9. e5 Nd5 10. Ng5 Qe7 11. Nxh7 Rxh7 12. Bxh7 g6 13. Re1 dxe5 14. dxe5 O-O-O 15. Qg4 Bg7 16. Bg5 Qf8 17. Bxd8 Qxd8 18. f4 Qh8 19. Bxg6 fxg6 20. Qxe6 Nxf4 21. Qg4 Bxe5 22.
Nd2 Bd4+ 23. Kh1 Bxg2+ 24. Qxg2 Nxg2 25. Kxg2 Qh4 26. Nf1 Qf2+ 27. Kh3 Nf6 28. Ng3 Nh5 29. Nxh5 gxh5 30. Rf1 Qxc2 31. Rad1 Be5 32. Kh4 Qxh2+ 33.
Kg5 Qg3+ 34. Kh6 h4 35. Rf8+ Kb7 36. Rff1 Qg7+ 37. Kh5 Qg3 38. Kh6 h3 39. b3 h2 40.
Rh1 Qg4 41. Rde1 Bf4+ 42. Kh7 Qg5 43. Ref1 Be5 44. Rf7 Qh5+ 45. Kg8 Qh8# 0-1

[Event "*** SCC Grand Prix: Titled Tuesday Blitz"]
[Site "Chess.com"]
[Date "2020.08.25"]
[Round "10"]
[White "ChessBitl"]
[Black "Koksik_13"]
[Result "1-0"]
[WhiteElo "2529"]
[BlackElo "2661"]
[TimeControl "180+1"]
[EndTime "12:00:14 PDT"]
[Termination "ChessBitl won by checkmate"]

1. e4 a6 2. d4 e6 3. c4 d5 4. exd5 exd5 5. Nf3 Nf6 6. Be3 Bb4+ 7. Nc3 O-O 8. a3 Bxc3+ 9. bxc3 Re8 10. Bd3 dxc4 11. Bxc4 Be6 12. Bxe6 Rxe6 13. O-O Nbd7 14. Qb3 Nb6 15.
a4 Qd5 16. Rab1 Qxb3 17. Rxb3 Nxa4 18. Rxb7 Nxc3 19. Rxc7 Nfd5 20. Rc5 Nxe3 21. fxe3 Rxe3 22. Ra1 h6 23. h4 Rd3 24. Kh2 Ne2 25. Ra4 Rb8 26.
Rc2 Re8 27. Rc5 Nf4 28. Re5 Rb8 29. Rf5 Ne6 30. Rxa6 Nxd4 31. Rxf7 Rb2 32. Ne5 Rdd2 33. Rg6 Ne6 34. Re7 Rd4 35. Rexe6 Rxh4+ 36. Kg3 Rhb4 37.
Re8+ Kh7 38. Re7 R2b3+ 39. Kh2 Rh4+ 40. Kg1 Rb1+ 41. Kf2 Rf4+ 42. Ke3 Rf6 43. Rexg7+ Kh8 44. Rg8+ Kh7 45. R6g7# 1-0

[Event "*** SCC Grand Prix: Titled Tuesday Blitz"]
[Site "Chess.com"]
[Date "2020.08.25"]
[Round "10"]
[White "TokChess"]
[Black "lifeissofun"]
[Result "1-0"]
[WhiteElo "2430"]
[BlackElo "2271"]
[TimeControl "180+1"]
[EndTime "12:00:14 PDT"]
[Termination "TokChess won by checkmate"]

1. e4 c5 2. Nf3 d6 3. Bc4 Nf6 4. d3 a6 5. c3 e6 6. O-O Be7 7. Re1 O-O 8. Nbd2 b5 9. Bb3 Bb7 10. Nf1 c4 11. dxc4 bxc4 12. Bc2 Nbd7 13. Ng3 Qc7 14. Ng5 d5 15. exd5 Bxd5 16. Nh5 Rad8 17. Nf4 Bb7 18. Qe2 Bd6 19. Qe3 h6 20. Nfxe6 Bxh2+ 21. Kh1 Qc6 22. Qh3 fxe6 23. Nxe6 Rde8 24. Kxh2 Nc5 25. Bf5 Bc8 26. Nxf8 Bxf5 27. Qxf5 Rxe1 28. Ng6 Nce4 29. Ne7+ Kf7 30. Nxc6 g6 31. Ne5+ Ke7 32.
Nxg6+ Kf7 33. Nf4 Ke7 34. Be3 Ng4+ 35. Qxg4 Rh1+ 36. Kxh1 Nxf2+ 37. Kg1 h5 38. Re1 Nh3+ 39. Qxh3 Kf6 40. Qf3 Ke5 41. Bd4+ Kd6 42. Re6+ Kd7 43. Qd5+ Kc7 44. Rxa6 Kb8 45. Qc6 h4 46. Rb6+ Ka7 47.
Rb7+ Ka8 48. Qc8# 1-0